[Event "*** SCC Grand Prix: Titled Tuesday Blitz"]
[Site "Chess.com"]
[Date "2020.07.14"]
[Round "1"]
[White "Gerodot71"]
[Black "Onischuk_V"]
[Result "0-1"]
[WhiteElo "2430"]
[BlackElo "2884"]
[TimeControl "180+1"]
[EndTime "10:01:53 PDT"]
[Termination "Onischuk_V won by resignation"]

1. d4 d6 2. c4 e5 3. Nf3 e4 4. Nfd2 f5 5. Nc3 Nf6 6. g3 g6 7. Bg2 Bg7 8. O-O O-O 9. b3 Be6 10. Bb2 Nbd7 11. f3 e3 12. Ndb1 f4 13. gxf4 Nh5 14.
Qd3 Nxf4 15. Qe4 Qg5 0-1

[Event "*** SCC Grand Prix: Titled Tuesday Blitz"]
[Site "Chess.com"]
[Date "2020.07.14"]
[Round "1"]
[White "HouseOfDurin"]
[Black "bugsbunny444"]
[Result "0-1"]
[WhiteElo "2006"]
[BlackElo "2470"]
[TimeControl "180+1"]
[EndTime "10:02:07 PDT"]
[Termination "bugsbunny444 won by resignation"]

1. d4 e6 2. h4 c5 3. c3 d5 4. Bg5 Qb6 5. Qd2 h6 6. Bf4 Nf6 7. f3 Nc6 8. e3 Bd7 9. Bd3 Rc8 10. dxc5 Bxc5 11. Ne2 e5 12. Bg3 Bxe3 13. Qc2 Nb4 0-1

[Event "*** SCC Grand Prix: Titled Tuesday Blitz"]
[Site "Chess.com"]
[Date "2020.07.14"]
[Round "1"]
[White "UKR_Master"]
[Black "theblitzchamp"]
[Result "0-1"]
[WhiteElo "2326"]
[BlackElo "2641"]
[TimeControl "180+1"]
[EndTime "10:02:10 PDT"]
[Termination "theblitzchamp won by resignation"]

1. e4 d6 2. d4 Nf6 3. Nc3 g6 4. g3 Bg7 5. Bg2 O-O 6. Nge2 a6 7. a4 e5 8. O-O Nc6 9. Be3 Ng4 10. Bg5 Qxg5 11. h3 Nf6 12. f4 Qh5 13. d5 Nd4 14. Nxd4 exd4 15. Qxd4 Bxh3 16. Bf3 Bg4 0-1

[Event "*** SCC Grand Prix: Titled Tuesday Blitz"]
[Site "Chess.com"]
[Date "2020.07.14"]
[Round "1"]
[White "Sanan_Sjugirov"]
[Black "JoakimVonAnd"]
[Result "1-0"]
[WhiteElo "2975"]
[BlackElo "2441"]
[TimeControl "180+1"]
[EndTime "10:02:18 PDT"]
[Termination "Sanan_Sjugirov won by resignation"]

1. d4 Nf6 2. c4 e6 3. Nf3 b6 4.
g3 Ba6 5. b3 d5 6. cxd5 exd5 7.
Bg2 Bd6 8. O-O Nbd7 9. Nc3 O-O 10. Bb2 Re8 11. Re1 c5 12. dxc5 Nxc5 13. Nxd5 Nxd5 14. Qxd5 Rxe2 15. Rxe2 Bxe2 16. Ng5 1-0

[Event "*** SCC Grand Prix: Titled Tuesday Blitz"]
[Site "Chess.com"]
[Date "2020.07.14"]
[Round "1"]
[White "RobertoJBM"]
[Black "Iustin106"]
[Result "1-0"]
[WhiteElo "2621"]
[BlackElo "2309"]
[TimeControl "180+1"]
[EndTime "10:02:46 PDT"]
[Termination "RobertoJBM won by resignation"]

1. d4 Nf6 2. c4 d6 3. Nc3 e5 4. Nf3 Nbd7 5. e4 g6 6. Be2 Bg7 7. O-O O-O 8. Re1 c6 9. Bf1 h6 10. d5 c5 11. a3 Ne8 12. b4 b6 13. Bb2 f5 14. Nd2 Ndf6 15. exf5 gxf5 16. f4 e4 17. Nb3 Nd7 18. Qd2 a5 19. bxa5 bxa5 20. a4 Nc7 21. Nb5 Bxb2 22. Qxb2 Nf6 23. Qc3 Na6 24. Nxa5 Nb4 25. Nc6 Nxc6 26. dxc6 1-0

[Event "*** SCC Grand Prix: Titled Tuesday Blitz"]
[Site "Chess.com"]
[Date "2020.07.14"]
[Round "1"]
[White "MrChampion_Coach"]
[Black "Boudicca64"]
[Result "1-0"]
[WhiteElo "2456"]
[BlackElo "1803"]
[TimeControl "180+1"]
[EndTime "10:03:00 PDT"]
[Termination "MrChampion_Coach won by resignation"]

1. e4 c5 2. Nf3 e6 3. g3 Nc6 4. Bg2 g6 5. d4 cxd4 6. Nxd4 Bg7 7.
Nb5 Nge7 8. Nd6+ Kf8 9. O-O f5 10. Nc3 fxe4 11. Ncxe4 Qc7 12. Bf4 e5 13. Bg5 Nf5 14. Qd5 Nd8 15. Bxd8 1-0

[Event "*** SCC Grand Prix: Titled Tuesday Blitz"]
[Site "Chess.com"]
[Date "2020.07.14"]
[Round "1"]
[White "NotFischer"]
[Black "AttilaTurzo"]
[Result "0-1"]
[WhiteElo "2121"]
[BlackElo "2501"]
[TimeControl "180+1"]
[EndTime "10:03:03 PDT"]
[Termination "AttilaTurzo won by resignation"]

1. e4 c5 2. Nf3 d6 3. d4 cxd4 4. Nxd4 Nf6 5. Nc3 a6 6. Be2 e5 7. Nb3 Be7 8. Be3 Be6 9. O-O Nbd7 10. f4 exf4 11. Rxf4 O-O 12. Qe1 Ne5 13. Nd4 Rc8 14. Qg3 Ng6 15. Rf2 Rxc3 16. Nxe6 Rxe3 17. Nxd8 Rxg3 18.
hxg3 Bxd8 19. Bf3 Bb6 0-1

[Event "*** SCC Grand Prix: Titled Tuesday Blitz"]
[Site "Chess.com"]
[Date "2020.07.14"]
[Round "1"]
[White "VovenRogel"]
[Black "otrov-11"]
[Result "1-0"]
[WhiteElo "2726"]
[BlackElo "2382"]
[TimeControl "180+1"]
[EndTime "10:03:08 PDT"]
[Termination "VovenRogel won by resignation"]

1. d4 Nf6 2. c4 e6 3. Nf3 b6 4. a3 Bb7 5. Nc3 Be7 6. Bf4 O-O 7. e3 d5 8. cxd5 exd5 9. Bd3 c5 10. O-O Nc6 11. Ne2 Rc8 12. Bf5 Ra8 13. Ng3 g6 14. Bc2 Bd6 15. Bg5 Be7 16. Ba4 a6 17. dxc5 bxc5 18.
Rc1 Rc8 19. Bxf6 Bxf6 20. Rxc5 1-0

[Event "*** SCC Grand Prix: Titled Tuesday Blitz"]
[Site "Chess.com"]
[Date "2020.07.14"]
[Round "1"]
[White "keepitcool9499"]
[Black "kidagent"]
[Result "1-0"]
[WhiteElo "2557"]
[BlackElo "2226"]
[TimeControl "180+1"]
[EndTime "10:03:09 PDT"]
[Termination "keepitcool9499 won by resignation"]

1. d4 d5 2. c4 c6 3. cxd5 cxd5 4. Nc3 Nf6 5. Bf4 a6 6. Nf3 Nc6 7. e3 Bf5 8. Rc1 e6 9. Qb3 Bb4 10. Be2 O-O 11. O-O Qe7 12. a3 Ba5 13. h3 Rac8 14. Ne5 Nxe5 15. Bxe5 Nd7 16. Qxb7 Rfd8 17. Na4 Rxc1 18.
Rxc1 f6 19. Bg3 Qe8 20. b4 1-0

[Event "*** SCC Grand Prix: Titled Tuesday Blitz"]
[Site "Chess.com"]
[Date "2020.07.14"]
[Round "1"]
[White "Zq1"]
[Black "romulocardoso"]
[Result "1-0"]
[WhiteElo "2484"]
[BlackElo "2094"]
[TimeControl "180+1"]
[EndTime "10:03:22 PDT"]
[Termination "Zq1 won by checkmate"]

1. d4 Nf6 2. c4 e6 3. Nc3 Bb4 4. e3 O-O 5. Bd3 d5 6. cxd5 exd5 7.
Ne2 Ne4 8. O-O Bxc3 9. bxc3 b6 10. f3 Nf6 11. e4 dxe4 12. fxe4 Bb7 13. Bg5 Nbd7 14. e5 h6 15. Bh4 g5 16. exf6 gxh4 17.
Qd2 Nxf6 18. Qxh6 Qd5 19. Nf4 Qd6 20. Qg5+ Kh8 21. Qxh4+ Kg8 22. Nh5 Nd7 23. Qg5+ Kh8 24. Qg7# 1-0

[Event "*** SCC Grand Prix: Titled Tuesday Blitz"]
[Site "Chess.com"]
[Date "2020.07.14"]
[Round "1"]
[White "f3andwins"]
[Black "FabianoCaruana"]
[Result "0-1"]
[WhiteElo "2447"]
[BlackElo "3010"]
[TimeControl "180+1"]
[EndTime "10:03:26 PDT"]
[Termination "FabianoCaruana won by resignation"]

1. d4 Nf6 2. c4 Nc6 3. Nf3 e6 4. a3 g6 5. Nc3 Bg7 6. e4 d6 7. Be2 O-O 8. O-O Re8 9. Bg5 h6 10. Be3 e5 11. d5 Nd4 12. Nxd4 exd4 13. Bxd4 Nxe4 14. Bxg7 Kxg7 15. Nxe4 Rxe4 16. Bd3 Re8 17. Re1 Bd7 18. Qd2 Qf6 19. h3 b6 20. b4 Qd4 21.
Qc2 a5 22. Rad1 axb4 23. axb4 Ba4 24. Rxe8 Bxc2 25. Bxc2 Qxd1+ 26. Bxd1 Rxe8 27. Kf1 Ra8 0-1

[Event "*** SCC Grand Prix: Titled Tuesday Blitz"]
[Site "Chess.com"]
[Date "2020.07.14"]
[Round "1"]
[White "KyrgyzFighter"]
[Black "Carnivoras"]
[Result "0-1"]
[WhiteElo "2292"]
[BlackElo "2598"]
[TimeControl "180+1"]
[EndTime "10:03:26 PDT"]
[Termination "Carnivoras won by resignation"]

1. c4 Nf6 2. Nc3 g6 3. e4 d6 4. d4 Bg7 5. f3 O-O 6. Be3 Nc6 7. Qd2 e5 8. d5 Nd4 9. Nge2 c5 10. dxc6 Nxc6 11.
O-O-O Be6 12. Ng3 Nd4 13. Bxd4 exd4 14. Qxd4 Nd5 15. Qd2 Nxc3 16. bxc3 Qa5 17. h4 Rfc8 18. h5 Bxc3 19. Qc2 Qa3+ 20. Kb1 Rc6 21. Qc1 Rb6+ 22. Kc2 Rb2+ 23. Kd3 Bf6+ 0-1

[Event "*** SCC Grand Prix: Titled Tuesday Blitz"]
[Site "Chess.com"]
[Date "2020.07.14"]
[Round "1"]
[White "TigrVShlyape"]
[Black "Slovak_fighter2000"]
[Result "1-0"]
[WhiteElo "2864"]
[BlackElo "2427"]
[TimeControl "180+1"]
[EndTime "10:03:27 PDT"]
[Termination "TigrVShlyape won by resignation"]

1. d4 Nf6 2. Nf3 d5 3. Bf4 c5 4. e3 e6 5. c3 Bd6 6. Bb5+ Nc6 7. Bxc6+ bxc6 8. Bxd6 Qxd6 9. Qa4 cxd4 10. cxd4 O-O 11. Nbd2 c5 12. Qa3 Nd7 13. Rc1 e5 14.
dxc5 Qc6 15. O-O a5 16. Qc3 f6 17. Rfe1 Bb7 18. Nb3 a4 19. Na5 Qb5 20. Nxb7 Rfc8 21. Nd6 1-0

[Event "*** SCC Grand Prix: Titled Tuesday Blitz"]
[Site "Chess.com"]
[Date "2020.07.14"]
[Round "1"]
[White "gena217"]
[Black "TokChess"]
[Result "1-0"]
[WhiteElo "2924"]
[BlackElo "2434"]
[TimeControl "180+1"]
[EndTime "10:03:30 PDT"]
[Termination "gena217 won by resignation"]

1. e4 c5 2. Nf3 d6 3. h3 Nf6 4.
c3 e5 5. Bd3 Be7 6. Bc2 O-O 7.
O-O Nc6 8. d4 Qc7 9. d5 Nb8 10.
b4 Nbd7 11. Be3 b6 12. a4 Ba6 13. Bd3 Bxd3 14. Qxd3 Rfc8 15. Na3 cxb4 16. cxb4 Qc3 17. Qb1 a5 18. bxa5 bxa5 19. Nd2 Rab8 20. Nb5 Nc5 21.
Nxc3 1-0

[Event "*** SCC Grand Prix: Titled Tuesday Blitz"]
[Site "Chess.com"]
[Date "2020.07.14"]
[Round "1"]
[White "KazakhFighter04"]
[Black "margarita_2703"]
[Result "1-0"]
[WhiteElo "2737"]
[BlackElo "2389"]
[TimeControl "180+1"]
[EndTime "10:03:35 PDT"]
[Termination "KazakhFighter04 won by resignation"]

1. e4 Nf6 2. e5 Nd5 3. d4 d6 4. Nf3 g6 5. Bc4 Nb6 6. Bb3 Bg7 7. O-O O-O 8. h3 c5 9. dxc5 dxc5 10. Nbd2 Nc6 11. Qe2 Nd4 12. Nxd4 Qxd4 13. Nf3 Qd8 14. e6 f6 15. c3 Qc7 16. Nd2 Rd8 17. a4 a5 18. Re1 Rd6 19. Nc4 Nxc4 20. Bxc4 b6 21.
Bf4 Ba6 22. Bxa6 Rxa6 23. Qxa6 1-0

[Event "*** SCC Grand Prix: Titled Tuesday Blitz"]
[Site "Chess.com"]
[Date "2020.07.14"]
[Round "1"]
[White "CzechmVIII"]
[Black "regular_legs"]
[Result "0-1"]
[WhiteElo "2180"]
[BlackElo "2518"]
[TimeControl "180+1"]
[EndTime "10:03:36 PDT"]
[Termination "regular_legs won by resignation"]

1. e4 c6 2. d4 d5 3. e5 Bf5 4.
Nc3 Qc8 5. Nf3 e6 6. Be2 c5 7.
O-O Nc6 8. Nb5 a6 9. Na3 cxd4 10.
Nxd4 Nxd4 11. Qxd4 Ne7 12. Bf4 Nc6 13. Qd2 Bxa3 14.
bxa3 O-O 15. c4 Rd8 16. cxd5 Rxd5 17. Qe3 Qd7 18. Rfd1 Rd8 19. Rxd5 Qxd5 20. Bf3 Qd4 21. Bxc6 Qxa1+ 22. Qc1 Rd1+ 0-1

[Event "*** SCC Grand Prix: Titled Tuesday Blitz"]
[Site "Chess.com"]
[Date "2020.07.14"]
[Round "1"]
[White "Indianlad"]
[Black "Superfelix"]
[Result "1-0"]
[WhiteElo "2942"]
[BlackElo "2437"]
[TimeControl "180+1"]
[EndTime "10:03:41 PDT"]
[Termination "Indianlad won by resignation"]

1. e4 c6 2. d4 g6 3. Nc3 d5 4. Nf3 dxe4 5. Nxe4 Nf6 6. Bd3 Bg7 7. O-O O-O 8. h3 Nbd7 9. Re1 a5 10. a4 Nxe4 11. Bxe4 Nf6 12. Bd3 Nd5 13. c3 Qd6 14. Bg5 e6 15. Qd2 c5 16. dxc5 Qxc5 17. Bh6 Rd8 18.
Bxg7 Kxg7 19. Qg5 Qe7 20. Qg3 Nxc3 21. Bxg6 hxg6 22. bxc3 b6 23. Rab1 Qd6 24. Ne5 Bb7 25. h4 Rh8 26. Rbd1 Bd5 27. c4 1-0

[Event "*** SCC Grand Prix: Titled Tuesday Blitz"]
[Site "Chess.com"]
[Date "2020.07.14"]
[Round "1"]
[White "Benjoneliere44"]
[Black "The_Machine04"]
[Result "1-0"]
[WhiteElo "2607"]
[BlackElo "2301"]
[TimeControl "180+1"]
[EndTime "10:03:42 PDT"]
[Termination "Benjoneliere44 won by resignation"]

1. d4 d6 2. c4 e5 3. Nf3 e4 4. Ng5 f5 5. Nh3 Nf6 6. Nf4 Be7 7. Nc3 O-O 8. e3 c6 9. Be2 d5 10. cxd5 cxd5 11. Qb3 Kh8 12. Ncxd5 Nxd5 13. Qxd5 Bb4+ 14. Bd2 Bxd2+ 15. Kxd2 Qb6 16. Qb3 Qa5+ 17. Qc3 Qb6 18. Nd5 Qd6 19. Nc7 Nc6 20. Nxa8 Be6 21. Qc5 Qd8 22. Nc7 1-0

[Event "*** SCC Grand Prix: Titled Tuesday Blitz"]
[Site "Chess.com"]
[Date "2020.07.14"]
[Round "1"]
[White "TimKett"]
[Black "grunbergmihai"]
[Result "0-1"]
[WhiteElo "2130"]
[BlackElo "2505"]
[TimeControl "180+1"]
[EndTime "10:03:48 PDT"]
[Termination "grunbergmihai won by resignation"]

1. e4 c5 2. Nf3 e6 3. d4 cxd4 4. Nxd4 a6 5. Nc3 Nc6 6. Nxc6 bxc6 7. Bd3 d5 8. O-O Qc7 9. b3 Nf6 10. Bb2 Bd6 11. g3 O-O 12. f4 Bc5+ 13. Kh1 Bb7 14.
e5 Ne8 15. Qh5 g6 16. Qh6 Ng7 17. Rae1 Rfd8 18. Nd1 Bf8 19. Qh3 c5 20. Nf2 c4 21.
bxc4 dxc4+ 22. Be4 Rd2 23. Bc3 Rxc2 24. Rc1 Rxf2 25.
Rxf2 Bxe4+ 26. Kg1 Bc5 0-1

[Event "*** SCC Grand Prix: Titled Tuesday Blitz"]
[Site "Chess.com"]
[Date "2020.07.14"]
[Round "1"]
[White "SGchess01"]
[Black "CrazyMartian"]
[Result "1-0"]
[WhiteElo "2607"]
[BlackElo "2299"]
[TimeControl "180+1"]
[EndTime "10:03:50 PDT"]
[Termination "SGchess01 won on time"]

1. e4 c5 2. Nf3 d6 3. d4 cxd4 4.
Nxd4 Nf6 5. Nc3 a6 6. Be2 e5 7. Nf3 Qc7 8. O-O Be7 9. Bg5 Be6 10. Bxf6 Bxf6 11. Nd5 Bxd5 12. Qxd5 Nd7 13. c3 O-O 14. Rfd1 Be7 15. Nd2 1-0

[Event "*** SCC Grand Prix: Titled Tuesday Blitz"]
[Site "Chess.com"]
[Date "2020.07.14"]
[Round "1"]
[White "luizwas"]
[Black "elohunter1999"]
[Result "0-1"]
[WhiteElo "1814"]
[BlackElo "2457"]
[TimeControl "180+1"]
[EndTime "10:03:50 PDT"]
[Termination "elohunter1999 won by checkmate"]

1. e4 d6 2. d4 Nf6 3. Nc3 g6 4. f3 c6 5. Be3 Nbd7 6. Qd2 b5 7.
a3 Qa5 8. Bd3 Bg7 9. Nge2 O-O 10. Bh6 e5 11. h4 Bxh6 12. Qxh6 b4 13. Na2 bxa3+ 14. Nac3 exd4 15. Rxa3 Qc5 16. Na4 Qb4+ 17. Kf2 Ne5 18. Qg5 Kg7 19. h5 h6 20. Qg3 g5 21. f4 Neg4+ 22. Kf3 Qd2 23. Nxd4 Qe3# 0-1

[Event "*** SCC Grand Prix: Titled Tuesday Blitz"]
[Site "Chess.com"]
[Date "2020.07.14"]
[Round "1"]
[White "SamuelGhimpu2003"]
[Black "FM_VS99"]
[Result "1-0"]
[WhiteElo "2602"]
[BlackElo "2295"]
[TimeControl "180+1"]
[EndTime "10:03:54 PDT"]
[Termination "SamuelGhimpu2003 won by resignation"]

1. e4 g6 2. d4 Bg7 3. Nc3 d6 4. f4 a6 5. Nf3 b5 6. Bd3 Nd7 7. O-O c5 8. d5 Bb7 9. a4 c4 10. Be2 Ngf6 11. axb5 axb5 12. Rxa8 Bxa8 13. e5 dxe5 14.
fxe5 Qb6+ 15. Kh1 Ng4 16. e6 fxe6 17. dxe6 Ndf6 18. Qd4 Qxe6 19. Ng5 Qc6 20. Bf3 Qc8 21. Bxa8 Qxa8 22. Ne6 Kf7 23. Qxg4 h6 24. Nxg7 1-0

[Event "*** SCC Grand Prix: Titled Tuesday Blitz"]
[Site "Chess.com"]
[Date "2020.07.14"]
[Round "1"]
[White "Brave_spirit12"]
[Black "Larina_Marija"]
[Result "1-0"]
[WhiteElo "2494"]
[BlackElo "2115"]
[TimeControl "180+1"]
[EndTime "10:03:57 PDT"]
[Termination "Brave_spirit12 won by resignation"]

1. e4 d5 2. exd5 Qxd5 3. Nc3 Qa5 4. d4 Nf6 5. Nf3 Bf5 6. Bc4 e6 7. Bd2 c6 8. Nd5 Qd8 9. Nxf6+ Qxf6 10. Qe2 Be7 11. Bg5 Qg6 12. Bxe7 Kxe7 13. O-O-O Rd8 14.
h3 Be4 15. Ne5 Qh6+ 16. Kb1 Bxg2 17. Rhg1 Bd5 18. Bxd5 cxd5 19. Qb5 Nd7 20. Qxb7 Ke8 21. Nxd7 Rxd7 22. Qxa8+ Rd8 23. Qc6+ Kf8 24. Rd3 Qf4 25.
Qc5+ Kg8 26. Qe7 Rc8 27. Rc3 Rb8 28. Qc7 Qxc7 29. Rxc7 a5 30. Ra7 h6 31. Rxa5 Rb4 32.
c3 Rb7 33. Ra8+ Kh7 34. a4 1-0

[Event "*** SCC Grand Prix: Titled Tuesday Blitz"]
[Site "Chess.com"]
[Date "2020.07.14"]
[Round "1"]
[White "JuliaEfremova"]
[Black "Zurability"]
[Result "0-1"]
[WhiteElo "2287"]
[BlackElo "2591"]
[TimeControl "180+1"]
[EndTime "10:03:59 PDT"]
[Termination "Zurability won by resignation"]

1. e4 c5 2. f4 d5 3. e5 Nc6 4.
Nf3 Bg4 5. Be2 e6 6. O-O Nh6 7. d3 Be7 8. c3 d4 9. Na3 O-O 10. Nc2 dxc3 11. bxc3 Nf5 12. Ne3 Nxe3 13. Bxe3 Qa5 14.
Bd2 Rfd8 15. Qe1 Bf5 16. d4 cxd4 17. cxd4 Qa3 18. Qf2 Nxd4 19. Nxd4 Rxd4 20. Be3 Re4 21. Bc1 Qc3 22. g4 Bc5 23. gxf5 Rxe2 24. Qxc5 Qxc5+ 0-1

[Event "*** SCC Grand Prix: Titled Tuesday Blitz"]
[Site "Chess.com"]
[Date "2020.07.14"]
[Round "1"]
[White "louis198"]
[Black "queen_iryna"]
[Result "1-0"]
[WhiteElo "2571"]
[BlackElo "2244"]
[TimeControl "180+1"]
[EndTime "10:04:01 PDT"]
[Termination "louis198 won by resignation"]

1. d4 d5 2. c4 c6 3. Nc3 Nf6 4. Nf3 e6 5. Bg5 h6 6. Bxf6 Qxf6 7. e3 Qd8 8. Qc2 Be7 9. cxd5 exd5 10. Bd3 Nd7 11.
O-O Nf6 12. Ne5 O-O 13. h3 Be6 14. Rab1 Bd6 15. b4 Nd7 16. f4 f6 17. Bh7+ Kh8 18. Ng6+ Kxh7 19. Nxf8+ Kg8 20. Nxe6 Qe7 21. f5 Nf8 22. b5 Nxe6 23. fxe6 Qxe6 24. Rf3 Re8 25. bxc6 bxc6 26. Rb7 Bb8 27. Qg6 1-0

[Event "*** SCC Grand Prix: Titled Tuesday Blitz"]
[Site "Chess.com"]
[Date "2020.07.14"]
[Round "1"]
[White "maximnovik"]
[Black "mohssenbinaddi"]
[Result "1-0"]
[WhiteElo "2513"]
[BlackElo "2153"]
[TimeControl "180+1"]
[EndTime "10:04:01 PDT"]
[Termination "maximnovik won by resignation"]

1. c4 c6 2. e4 d5 3. exd5 cxd5 4. d4 Nf6 5. Nc3 e6 6. Nf3 Bb4 7. cxd5 Nxd5 8. Bd2 Nc6 9. Bd3 Be7 10. O-O O-O 11.
a3 b6 12. Nxd5 Qxd5 13. Qc2 Nxd4 14. Nxd4 Qxd4 15. Bxh7+ Kh8 16. Be4 Rb8 17. Bc3 Qc5 18. Qe2 Qg5 19. f4 Qh6 20. Rf3 Kg8 21. Rh3 Qxf4 22.
Rh8+ 1-0

[Event "*** SCC Grand Prix: Titled Tuesday Blitz"]
[Site "Chess.com"]
[Date "2020.07.14"]
[Round "1"]
[White "velemajstor767276"]
[Black "HarryCun"]
[Result "1-0"]
[WhiteElo "2522"]
[BlackElo "2193"]
[TimeControl "180+1"]
[EndTime "10:04:03 PDT"]
[Termination "velemajstor767276 won by checkmate"]

1. d4 c6 2. c4 d5 3. cxd5 cxd5 4. Bg5 Nf6 5. Bxf6 gxf6 6. e3 Nc6 7. Nc3 Bf5 8. Bd3 Bxd3 9. Qxd3 e6 10. Nf3 Bd6 11.
O-O Ke7 12. e4 dxe4 13. Qxe4 Nb4 14. Qxb7+ Qd7 15. Qe4 Qc6 16. d5 Nxd5 17. Nd4 Qb7 18. Nf5+ Kd7 19. Rad1 exf5 20. Qxf5+ Kc7 21. Nxd5+ Kc6 22.
Rc1+ Kb5 23. Nc7+ Kb6 24. Qb5# 1-0

[Event "*** SCC Grand Prix: Titled Tuesday Blitz"]
[Site "Chess.com"]
[Date "2020.07.14"]
[Round "1"]
[White "BikingBrian"]
[Black "pastouche06"]
[Result "0-1"]
[WhiteElo "2202"]
[BlackElo "2533"]
[TimeControl "180+1"]
[EndTime "10:04:08 PDT"]
[Termination "pastouche06 won by resignation"]

1. d4 Nf6 2. Bg5 Ne4 3. Bf4 d5 4. f3 Nf6 5. e4 dxe4 6. Nc3 exf3 7. Nxf3 c6 8. Bc4 Bf5 9. Qe2 e6 10. O-O-O Be7 11. h3 Nbd7 12. g4 Bg6 13. Rdg1 Nb6 14. h4 Nxc4 15. Qxc4 Nd5 16. Bd2 Nxc3 17. Qxc3 Qd5 18. Kb1 Be4 19. Rf1 Rd8 20. Be3 Bxf3 0-1

[Event "*** SCC Grand Prix: Titled Tuesday Blitz"]
[Site "Chess.com"]
[Date "2020.07.14"]
[Round "1"]
[White "Kotofeyca"]
[Black "francyIM"]
[Result "0-1"]
[WhiteElo "2320"]
[BlackElo "2640"]
[TimeControl "180+1"]
[EndTime "10:04:14 PDT"]
[Termination "francyIM won by resignation"]

1. d4 Nf6 2. c4 e6 3. Nf3 b6 4. g3 Ba6 5. Qa4 c6 6. Nc3 Be7 7. e4 O-O 8. e5 Ne8 9. Bf4 Nc7 10. Bg2 b5 11. cxb5 Nxb5 12. Ne4 Qb6 13. Rc1 Nc7 14.
Qc2 Nd5 15. Neg5 g6 16. Bd2 Nb4 17. Bxb4 Bxb4+ 18. Kd1 d5 19. exd6 Bxd6 20. Ne5 Qxd4+ 21. Qd2 Qxd2+ 22. Kxd2 Bxe5 0-1

[Event "*** SCC Grand Prix: Titled Tuesday Blitz"]
[Site "Chess.com"]
[Date "2020.07.14"]
[Round "1"]
[White "GoltsevDmitry2000"]
[Black "Efremov_Vlad"]
[Result "1-0"]
[WhiteElo "2562"]
[BlackElo "2233"]
[TimeControl "180+1"]
[EndTime "10:04:20 PDT"]
[Termination "GoltsevDmitry2000 won by resignation"]

1. e4 c5 2. Nf3 e6 3. d4 cxd4 4. Nxd4 Nc6 5. Nc3 Qc7 6. Be2 Nf6 7. O-O Be7 8. Be3 O-O 9. a3 a6 10. f4 d6 11. Bf3 Nxd4 12. Bxd4 e5 13. Be3 exf4 14.
Bxf4 Qb6+ 15. Kh1 Qxb2 16. Qd4 Qxc2 17. Bd1 Qb2 18. Ra2 Qxa2 19. Nxa2 Be6 20. Nb4 Rfd8 21. Nd5 Nxd5 22. exd5 Bf6 23. Qe4 Bd7 24. Bc2 g5 25.
Qxh7+ 1-0

[Event "*** SCC Grand Prix: Titled Tuesday Blitz"]
[Site "Chess.com"]
[Date "2020.07.14"]
[Round "1"]
[White "quesfr"]
[Black "Natalya_Buksa"]
[Result "0-1"]
[WhiteElo "2197"]
[BlackElo "2526"]
[TimeControl "180+1"]
[EndTime "10:04:23 PDT"]
[Termination "Natalya_Buksa won by resignation"]

1. e4 c5 2. Nf3 Nc6 3. Bb5 g6 4. Bxc6 dxc6 5. d3 Bg7 6. h3 Nf6 7. O-O Nd7 8. Qe2 e5 9. a3 Nf8 10. b4 Ne6 11. bxc5 Nxc5 12. Bb2 Qc7 13. a4 O-O 14. Nbd2 b5 15. Ba3 Ne6 16. Bxf8 Bxf8 17. axb5 cxb5 18. Rfb1 Bd7 19. c4 Nf4 20. Qf1 b4 21. d4 exd4 22. Nxd4 a5 23. Nb5 Qb6 24. Nb3 Bxb5 25. cxb5 a4 26. Qc1 Ne2+ 0-1

[Event "*** SCC Grand Prix: Titled Tuesday Blitz"]
[Site "Chess.com"]
[Date "2020.07.14"]
[Round "1"]
[White "seorobert1971"]
[Black "Batsai"]
[Result "1-0"]
[WhiteElo "2778"]
[BlackElo "2399"]
[TimeControl "180+1"]
[EndTime "10:04:26 PDT"]
[Termination "seorobert1971 won by resignation"]

1. c4 c5 2. Nf3 Nf6 3. Nc3 e6 4.
g3 b6 5. Bg2 Bb7 6. O-O Be7 7.
d4 O-O 8. d5 exd5 9. cxd5 d6 10. e4 a6 11. a4 Nbd7 12. Re1 Re8 13. Nh4 g6 14. Nf3 Bf8 15. Bf4 Nh5 16. Bg5 Be7 17.
Be3 Bf6 18. Nd2 Ne5 19. Qe2 Rc8 20. f4 Nd7 21. Nc4 Qc7 22. Qd2 Bg7 23. Bf2 Nhf6 24. h3 b5 25. axb5 axb5 26. Nxb5 Qb8 27. Nbxd6 1-0

[Event "*** SCC Grand Prix: Titled Tuesday Blitz"]
[Site "Chess.com"]
[Date "2020.07.14"]
[Round "1"]
[White "mr65"]
[Black "SARGISMV"]
[Result "0-1"]
[WhiteElo "2094"]
[BlackElo "2484"]
[TimeControl "180+1"]
[EndTime "10:04:27 PDT"]
[Termination "SARGISMV won by resignation"]

1. e4 c5 2. d4 cxd4 3. c3 dxc3 4. Nxc3 g6 5. Nf3 Bg7 6. Bc4 e6 7. O-O Ne7 8. Nb5 O-O 9. Nd6 Nbc6 10. Bf4 Bxb2 11. Bh6 Bg7 12. Bxg7 Kxg7 13. Qd2 f6 14. Rfd1 Ne5 15. Nxe5 fxe5 16. Nxc8 Qxc8 17. Qxd7 Qxc4 18.
Qxe7+ Rf7 19. Qg5 Qxe4 20. Re1 Qf5 21. Rxe5 Qxf2+ 0-1

[Event "*** SCC Grand Prix: Titled Tuesday Blitz"]
[Site "Chess.com"]
[Date "2020.07.14"]
[Round "1"]
[White "GukeshDommaraju"]
[Black "Enriquack"]
[Result "1-0"]
[WhiteElo "2704"]
[BlackElo "2364"]
[TimeControl "180+1"]
[EndTime "10:04:29 PDT"]
[Termination "GukeshDommaraju won by resignation"]

1. d4 Nf6 2. c4 g6 3. Nc3 d5 4. cxd5 Nxd5 5. e4 Nxc3 6. bxc3 Bg7 7. Nf3 O-O 8. Be3 c5 9. Be2 Nc6 10. O-O cxd4 11. cxd4 Bg4 12. d5 Bxf3 13. Bxf3 Ne5 14. Be2 Rc8 15. Rb1 b6 16. Qa4 Qd7 17. Bb5 Qd6 18.
h3 Rc7 19. f4 Nd7 20. e5 Qxd5 21.
Rfd1 1-0

[Event "*** SCC Grand Prix: Titled Tuesday Blitz"]
[Site "Chess.com"]
[Date "2020.07.14"]
[Round "1"]
[White "atalz0"]
[Black "kuban1991"]
[Result "0-1"]
[WhiteElo "2387"]
[BlackElo "2735"]
[TimeControl "180+1"]
[EndTime "10:04:31 PDT"]
[Termination "kuban1991 won by resignation"]

1. d4 g6 2. e4 Bg7 3. Nf3 c6 4. Bd3 d5 5. Nc3 dxe4 6. Nxe4 Nf6 7. Nxf6+ exf6 8. O-O O-O 9. c3 a5 10. a4 Na6 11.
Bf4 Nc7 12. Qd2 Be6 13. Bh6 Nd5 14. Rfe1 Bg4 15. Bxg7 Kxg7 16. Be2 Qd6 17. h3 Be6 18. Bf1 Rfe8 19. g3 Rad8 20. Kh2 h5 21. c4 Nb4 22. b3 Qd7 23. Rad1 Bf5 24. Rxe8 Rxe8 25. Re1 Be4 26.
Bg2 Bxf3 27. Rxe8 Bxg2 0-1

[Event "*** SCC Grand Prix: Titled Tuesday Blitz"]
[Site "Chess.com"]
[Date "2020.07.14"]
[Round "1"]
[White "killer311"]
[Black "Aronyak1"]
[Result "0-1"]
[WhiteElo "2389"]
[BlackElo "2742"]
[TimeControl "180+1"]
[EndTime "10:04:33 PDT"]
[Termination "Aronyak1 won by resignation"]

1. d4 d5 2. c4 e6 3. e3 Nf6 4. Nf3 Nbd7 5. Nc3 b6 6. cxd5 exd5 7. Bd3 Bb7 8. O-O Bd6 9. Qc2 a6 10. e4 dxe4 11. Nxe4 O-O 12. Nxd6 cxd6 13. Bf4 Bxf3 14. gxf3 Re8 15. Bxd6 Nf8 16. Be5 Ng6 17.
f4 Nd5 18. Bxg6 hxg6 19. f5 Qg5+ 20. Kh1 Qxf5 21. Qxf5 gxf5 22. Rg1 f6 0-1